 Dungeon Crawl Stone Soup version 0.31.0-10-gcf4a605ca0 (webtiles) character file.

Game seed: 16117394826800809672

745 Gadfly the Ruffian (level 7, -4/52 HPs)
             Began as a Merfolk Shapeshifter on Jan 26, 2024.
             Was a Follower of Ru.
             Slain by a gnoll
             ... wielding a +0 spear
             ... led by a gnoll bouda
              (7 damage)
             ... on level 5 of the Dungeon.
             The game lasted 00:07:42 (5619 turns).

Gadfly the Ruffian (Merfolk Shapeshifter)           Turns: 5619, Time: 00:07:42

Health: -4/52      AC: -3    Str: 16    XL:     7   Next: 76%
Magic:  7/7        EV: 14    Int:  9    God:    Ru [*.....]
Gold:   273        SH:  0    Dex: 14    Spells: 0/6 levels left

rFire   . .          .
                       - Unarmed
rCold   . . .        (no shield)
rNeg    . . .        a - +0 animal skin
rPois   .            o - melded +2 helmet
rElec   .            f - melded +0 cloak
rCorr   .            (gloves currently unavailable)
SInv    .            (boots currently unavailable)
Will    .....        k - amulet of faith
Stlth   +            (no ring)
HPRegen 0.28/turn    (no ring)
MPRegen 0.10/turn

%: faith
@: beast-form
A: beast (slay +3), reduced AC 1, (nimble swimmer 2), mertail
a: Begin Untransformation, Renounce Religion


You were on level 5 of the Dungeon.
You worshipped Ru.
Ru was aware of your devotion.
You were a hulking beast.
You visited 1 branch of the dungeon, and saw 5 of its levels.

You collected 273 gold pieces.

Inventory:

Hand Weapons
 i - a +4 dagger
Missiles
 l - a throwing net (quivered)
Armour
 a - a +0 animal skin (worn)
 f - a +0 cloak (melded)
 o - a +2 helmet (melded)
Jewellery
 j - an amulet of regeneration
 k - an amulet of faith (around neck)
Talismans
 c - a beast talisman (active)
 d - a flux talisman
Wands
 n - a wand of flame (31)
Scrolls
 p - 3 scrolls of identify
 r - a scroll of revelation
 s - a scroll of enchant armour {unknown}
Potions
 b - a potion of lignification
 g - a potion of berserk rage
 h - a potion of attraction
 m - a potion of degeneration {unknown}
 q - a potion of enlightenment
 t - a potion of brilliance {unknown}


   Skills:
 + Level 3.3 Fighting
 + Level 5.2 Dodging
 * Level 5.8 Unarmed Combat
 * Level 4.0 Evocations
 + Level 5.5 Shapeshifting


You couldn't memorise any spells.
You knew the following spells:

 Your Spells              Type           Power      Damage    Failure   Level
a - Ozocubu's Armour      Ice            0%         N/A       77%         3
b - Swiftness             Air            0%         N/A       77%         3

Your spell library contained the following spells:

 Spells                   Type           Power      Damage    Failure   Level
 Call Imp                 Summ           0%         N/A       52%         2
 Ensorcelled Hibernation  Hex/Ice        0%         N/A       52%         2
 Sublimation of Blood     Necr           0%         N/A       52%         2
 Passwall                 Erth           0%         N/A       77%         3
 Metabolic Englaciation   Hex/Ice        0%         N/A       100%        5
 Sculpt Simulacrum        Ice/Alch       0%         N/A       100%        6
 Summon Hydra             Summ           0%         N/A       100%        7


Dungeon Overview and Level Annotations

Branches:
Dungeon (5/15)
 Temple: D:4-7

Altars:
Nemelex Xobeh
Ru
Vehumet


Innate Abilities, Weirdness & Mutations

You are a hulking beast.
Your limbs bulge with bestial killing power. (Slay +3)
You take slightly more damage. (AC -5)
((You are very nimble when in or above water. (Stealth+, EV+, Speed+++)))
Your lower body shifts to a powerful aquatic tail in water.


Message History

The gnoll hits you from afar with a +0 spear.
* * * LOW HITPOINT WARNING * * *
You feel much better.
The gnoll bouda barks out a call to the hunt!
The gnoll picks up the pace!
The gnoll barely misses you.
You hit the gnoll bouda but do no damage.
The gnoll bouda is heavily wounded.
The gnoll bouda is stunned by your conviction and fails to attack.
You punch the gnoll bouda!
The gnoll bouda is almost dead.
The gnoll hits you from afar with a +0 spear.
The gnoll bouda barely misses you.
You hit the gnoll bouda.
You kill the gnoll bouda!
The gnoll closely misses you.
Your Evocations skill increases to level 4!
You completely miss the gnoll. The gnoll completely misses you.
The gnoll barely misses you.
You hit the gnoll.
The gnoll is heavily wounded.
The gnoll barely misses you.
The gnoll hits you from afar with a +0 spear.
You punch the gnoll!
You kill the gnoll!
The gnoll hits you from afar with a +0 spear!
You hit the gnoll but do no damage. You punch the gnoll!
The gnoll is severely wounded.
You redirect the gnoll's attack!
The gnoll hits the gnoll but does no damage.
The gnoll hits you from afar with a +0 spear.
* * * LOW HITPOINT WARNING * * *
You hit the gnoll.
You kill the gnoll!
The gnoll hits you from afar with a +0 spear!
* * * LOW HITPOINT WARNING * * *
The gnoll misses you.
Items here: ))) [ ††.
The gnoll hits you with a +0 spear!
You die...

,+,,,,,,* ##############..###.##.
**.....,* #.................#.##.
*.....,* #.##..........#.#...#..
*......* #.#....#####.##.##.>..#
*......* #.#....# #.##.#######
**......###.#....# #.##.#######
,,.............†.# #.#.........
,*####⌠.⌠##......#####.#.........
,,....._........h)...#.##.#######
**####⌠.).......g##.##.#....# #
,,...............##.##.####.# #
,,.....##........##.##.# #.#####
,*####.*#........##.##.# #......
,,,,,#,*#........##.##.# #.#####
,***,*,*#........##.##.# #.# # ,*
*,,,,...#.....##>...###### #
**********,*,*+***######....# #


You could see a gnoll (swift).

Vanquished Creatures
  Eustachio (D:4)
  An ogre (D:4)
  A scorpion (D:5)
  A howler monkey (D:5)
  A gnoll bouda (D:5)
  An orc priest (D:4)
  2 hounds (D:5)
  An orc wizard (D:5)
  Robin (D:4)
  9 gnolls
  6 adders
  2 ribbon worms
  4 dart slugs
  14 orcs
  5 ball pythons
  7 endoplasms
  22 goblins
  5 hobgoblins
  3 jackals (D:4)
  8 kobolds
  4 quokkas
  5 bats
  3 frilled lizards
  10 rats
117 creatures vanquished.

Vanquished Creatures (others)
  An orc (D:4)
1 creature vanquished.

Grand Total: 118 creatures vanquished

Notes
Turn   | Place    | Note
-------+----------+-------------------------------------------
     0 | D:1      | Gadfly the Merfolk Shapeshifter began the quest for the
                  | Orb.
     0 | D:1      | Reached XP level 1. HP: 15/15 MP: 1/1
   213 | D:1      | Reached XP level 2. HP: 21/21 MP: 2/2
   603 | D:1      | Reached skill level 1 in Evocations
   616 | D:1      | Reached XP level 3. HP: 20/26 MP: 3/3
  1215 | D:2      | Reached XP level 4. HP: 23/33 MP: 4/4
  2174 | D:2      | Learned a level 3 spell: Ozocubu's Armour
  2985 | D:4      | Noticed an ogre
  2994 | D:4      | Reached XP level 5. HP: 23/38 MP: 5/5
  3187 | D:4      | Found a sacrificial altar of Ru.
  3195 | D:4      | Became a worshipper of Ru the Awakened
  3341 | D:4      | Found a radiant altar of Vehumet.
  3492 | D:4      | Killed an ogre
  3493 | D:4      | Reached XP level 6. HP: 26/46 MP: 6/6
  3595 | D:4      | Noticed Eustachio
  3646 | D:4      | Killed Eustachio
  3647 | D:4      | Reached skill level 5 in Unarmed Combat
  3647 | D:4      | Reached skill level 5 in Shapeshifting
  3778 | D:4      | Reached XP level 7. HP: 46/51 MP: 7/7
  4051 | D:4      | Noticed Robin
  4078 | D:4      | Killed Robin
  4633 | D:5      | Entered Level 5 of the Dungeon
  4825 | D:5      | Learned a level 3 spell: Swiftness
  4868 | D:5      | Reached skill level 5 in Dodging
  4913 | D:5      | Gained mutation: You take slightly more damage. (AC -5) [Ru
                  | sacrifice]
  4913 | D:5      | Reached * piety under Ru
  5575 | D:5      | Found a sparkling altar of Nemelex Xobeh.
  5619 | D:5      | Slain by a gnoll

Illustrated notes

Levels and vault maps discovered:
D:1:      dpeg_chamrin_arrival_tetris, layout_loops_corners,
          chequers_serial_rivers_room_a, serial_bayou_pond_c
D:2:      layout_loops_ring, serial_forest, infiniplex_forest_straight_2,
          infiniplex_forest_clump_double, infiniplex_forest_lined_2,
          infiniplex_forest_zigzag_1, infiniplex_forest_split,
          infiniplex_forest_clump_curved, infiniplex_forest_lined_ring,
          infiniplex_forest_end_1, chequers_serial_rivers_small_b
D:3:      layout_basic
D:4:      kennysheep_goblin_castle, layout_basic, fiery_altar_vehumet,
          hangedman_ru_absence, gup_sewer_entry_glass, uniq_eustachio
D:5:      layout_basic, nemelex_xobeh_ov_fountains_minmay, uniq_sigmund

Skill      XL: |  1  2  3  4  5  6  7 |
---------------+----------------------+-----
Dodging        | 3 4 5 |  5.2
Evocations     | 1 2 3 4 |  4.0
Unarmed Combat | 4 5 |  5.8
Fighting       | 2 3 |  3.3
Shapeshifting  | 5 |  5.5

Action                     |  1- 3 |  4- 6 |  7- 9 || total
---------------------------+-------+-------+-------++-------
  Melee: Unarmed           |    62 |   136 |   118 ||   316
         Punch             |     5 |     2 |     2 ||     9
 Invoke: Sacrifice Health  |       |       |     1 ||     1
Ability: Begin Untransform |       |       |     1 ||     1
  Evoke: Wand              |       |       |     1 ||     1
    Use: Scroll            |     2 |     3 |     5 ||    10
         Potion            |       |     3 |     3 ||     6
   Stab: Sleeping          |     5 |     3 |     3 ||    11
         Distracted        |       |       |     1 ||     1
 Armour: Animal skin       |    18 |    57 |    70 ||   145
  Dodge: Dodged            |    32 |    90 |    72 ||   194
   Form: Beast             |       |       |     1 ||     1
